 Dungeon Crawl Stone Soup version 0.31.0-11-ge490571c62 (console) character file.

Game seed: 17841932597553522541

2 zenocrate the Sneak (level 1, -3/19 HPs)
             Began as a Minotaur Delver on Feb 1, 2024.
             Slain by an orc
             ... wielding a +0 short sword
              (4 damage)
             ... on level 5 of the Dungeon.
             The game lasted 00:00:41 (32 turns).

zenocrate the Sneak (Minotaur Delver)                 Turns: 32, Time: 00:00:42

Health: -3/19      AC:  3    Str: 16    XL:     1   Next: 25%
Magic:  0/0        EV: 11    Int:  7    God:
Gold:   8          SH:  0    Dex: 11    Spells: 0/0 levels left

rFire   . . .        a - +0 hand axe
rCold   . . .        (no shield)
rNeg    . . .        b - +0 leather armour
rPois   .            (helmet restricted)
rElec   .            (no cloak)
rCorr   .            (no gloves)
SInv    .            (no boots)
Will    .....        (no amulet)
Stlth   ++           (no ring)
HPRegen 0.23/turn    (no ring)
MPRegen 0.07/turn

%: no passive effects
@: no status effects
A: horns 2, retaliatory headbutt
a: no special abilities


You were on level 5 of the Dungeon.
You visited 1 branch of the dungeon, and saw 1 of its levels.

You collected 8 gold pieces.

Inventory:

Hand Weapons
 a - a +0 hand axe (weapon)
Armour
 b - a +0 leather armour (worn)
Wands
 g - a wand of digging (3)
Scrolls
 c - a scroll of fog
 d - a scroll of revelation
Potions
 f - a potion of haste


   Skills:
 - Level 3.6 Fighting
 + Level 2.7 Axes
 - Level 2.1 Dodging
 - Level 4.1 Stealth


You couldn't memorise any spells.
You didn't know any spells.
Your spell library was empty.

Dungeon Overview and Level Annotations

Branches:
Dungeon (5/15)
 Temple: D:4-7

Altars:

Annotations:
D:5 Prince Ribbit


Innate Abilities, Weirdness & Mutations

You have a pair of horns on your head.
You reflexively headbutt those who attack you in melee.


Message History

You see here a scroll labelled KEN HOUVIDUHE.
A shadow imp comes into view.
Found a stone staircase leading up.
The orc shouts!
The shadow imp shouts!
The iguana hisses angrily.
You slash Prince Ribbit!
Prince Ribbit is lightly wounded.
Prince Ribbit blinks!
The hound bites you.
An orc comes into view.
It is wielding a +1 trident of protection.
The hound attacks as it pursues you! The hound closely misses you.
Prince Ribbit blinks!
The hound bites you.
You hit the hound.
The hound is lightly wounded.
You closely miss the shadow imp. The hound bites you but does no damage.
The shadow imp hits you.
You barely miss the hound.
The hound is lightly wounded.
You closely miss the shadow imp. The hound bites you. x2
* * * LOW HITPOINT WARNING * * *
The shadow imp hits you but does no damage.
The orc barely misses you.
Prince Ribbit hops awkwardly around.
Unknown command.
As you read the scroll of fear, it crumbles to dust.
You assume a fearsome visage.
Prince Ribbit looks frightened!
The orc looks frightened!
The iguana looks frightened!
The shadow imp looks frightened!
The hound looks frightened!
Prince Ribbit blinks!
Unknown command.
Unknown command.
Prince Ribbit blinks!
The orc closely misses you. You furiously retaliate!
You headbutt the orc. You slash the orc!
You kill the orc!
You hear a shout!
Prince Ribbit blinks!
You barely miss the orc. Your headbutt misses the orc.
The orc hits you with a +0 short sword.
* * * LOW HITPOINT WARNING * * *
You closely miss the orc. The orc hits you with a +0 short sword.
* * * LOW HITPOINT WARNING * * *
You barely miss the orc. The orc hits you with a +0 short sword.
* * * LOW HITPOINT WARNING * * *
The orc hits you with a +0 short sword.
You die...

.........# <.<.
.........# ....
#.......#.....
#.......#....
####+#######...........
#.........##........####.
#.........##.............
#.........##....?o...#
#.........##...#@#...#
#..)...........#.#...#
...............#.#o...#
...............#........
.....#######...#.........
.....# #...#..?.#####
.....# #...#....# .....#
#####....# ####.#######
#....# #.>.....#
#######.#


You could see an orc.

Vanquished Creatures
  An orc (D:5)
1 creature vanquished.

Notes
Turn   | Place    | Note
-------+----------+-------------------------------------------
     0 | D:5      | zenocrate the Minotaur Delver began the quest for the Orb.
     0 | D:5      | Reached XP level 1. HP: 19/19 MP: 0/0
    18 | D:5      | Noticed Prince Ribbit
    20 | D:5      | Noticed an iguana
    20 | D:5      | Noticed a hound
    32 | D:5      | Slain by an orc

Illustrated notes

Levels and vault maps discovered:
D:5:      layout_basic, uniq_crazy_yiuf_cottage, uniq_duvessa,
          uniq_prince_ribbit1

Action                     || total
---------------------------++-------
  Melee: Hand axe          ||     7
    Use: Scroll            ||     1
 Armour: Leather armour    ||    11
  Dodge: Dodged            ||     3
